 Dungeon Crawl Stone Soup version 0.28.0 (webtiles) character file.

Game seed: 11840055583080027034

5489 AmazingTV the Protected (level 10, -9/90 HPs)
             Began as a Minotaur Fighter on Mar 19, 2024.
             Was a Priest of Okawaru.
             Mangled by a chaos spawn (12 damage)
             ... on level 9 of the Dungeon.
             The game lasted 00:28:08 (9771 turns).

AmazingTV the Protected (Minotaur Fighter)          Turns: 9771, Time: 00:28:09

Health: -9/90      AC: 12    Str: 23    XL:     10   Next: 42%
Magic:  9/9        EV: 12    Int: 11    God:    Okawaru [***...]
Gold:   498        SH:  6    Dex: 12    Spells: 9/9 levels left

rFire   . . .      SeeInvis .   a - +5 mace {mace}
rCold   . . .      Faith    .   c - +0 buckler
rNeg    . . .      Spirit   .   G - +1 swamp dragon scales
rPois   +          Reflect  .   (helmet restricted)
rElec   .          Harm     .   (no cloak)
rCorr   .          Rampage  .   (no gloves)
Will    .....                   o - +0 pair of boots
Stlth   +.........              (no amulet)
HPRegen 0.25/turn               E - +6 ring of intelligence
MPRegen 0.11/turn               (no ring)

@: studying Slings
A: horns 2, retaliatory headbutt
a: Renounce Religion, Heroism


You were on level 9 of the Dungeon.
You worshipped Okawaru.
Okawaru was most pleased with you.
You visited 2 branches of the dungeon, and saw 10 of its levels.
You also visited: Sewer.

You collected 498 gold pieces.


Innate Abilities, Weirdness & Mutations

You have a pair of horns on your head.
You reflexively headbutt those who attack you in melee.


   Skills:
 + Level 8.6 Fighting
 + Level 7.8(9.5) Axes
 + Level 8.3(9.7) Maces & Flails
 + Level 4.4 Slings
 + Level 8.7 Armour
 + Level 3.8 Dodging
 + Level 8.7 Shields


You had 9 spell levels left.
You didn't know any spells.
Your spell library contained the following spells:

 Spells                   Type           Power      Damage    Failure   Level
 Freeze                   Ice            0%         1d3       54%         1
 Sublimation of Blood     Necr           0%         N/A       67%         2
 Wereblood                Tmut           0%         N/A       67%         2
 Conjure Flame            Conj/Fire      0%         6-21      88%         3
 Frozen Ramparts          Ice            0%         1d2       88%         3
 Ignite Poison            Fire/Tmut/Pois 0%         N/A       88%         3
 Hailstorm                Conj/Ice       0%         3d3       99%         4
 Sticky Flame             Conj/Fire      0%         2d3       99%         4
 Summon Hydra             Summ           Unusable   N/A       N/A         7

Inventory:

Hand Weapons
 a - a +5 mace (weapon) {mace}
   (You took it off a wight on level 7 of the Dungeon)
 b - a +3 morningstar of freezing {mace}
   (You took it off a wight on level 9 of the Dungeon)
 e - a +3 mace {mace}
   (You took it off a wight on level 9 of the Dungeon)
 Y - a +2 shortbow of freezing {bow}
   (You took it off a centaur on level 9 of the Dungeon)
Missiles
 f - 307 stones (quivered)
 j - 148 arrows
 m - 49 sling bullets
 n - 23 poisoned darts
 t - 123 bolts
 A - 4 javelins
 C - 10 boomerangs
Armour
 c - a +0 buckler (worn)
 o - a +0 pair of boots (worn)
   (You found it on level 3 of the Dungeon)
 p - a +2 scale mail of fire resistance
   (You found it on level 3 of the Dungeon)
 u - a +0 troll leather armour {Pargi}
   (You found it in a sewer)
 B - a +2 ring mail of cold resistance
   (You found it on level 5 of the Dungeon)
 G - +1 swamp dragon scales (worn)
   (You took it off Maggie on level 6 of the Dungeon)
 W - the +0 scale mail of Marbles {rPois}
   (You found it on level 8 of the Dungeon)

   rPois:     It protects you from poison.
Jewellery
 E - a +6 ring of intelligence (left hand)
   (You found it on level 5 of the Dungeon)
Wands
 F - a wand of paralysis (6)
   (You took it off Maggie on level 6 of the Dungeon)
 J - a wand of mindburst (11)
   (You found it on level 7 of the Dungeon)
 Q - a wand of flame (15)
   (You found it on level 8 of the Dungeon)
Scrolls
 i - 3 scrolls of immolation {unknown}
 l - 2 scrolls of torment {unknown}
 v - 4 scrolls of teleportation {unknown}
 w - 3 scrolls of noise {unknown}
 z - 4 scrolls of identify {unknown}
 H - 3 scrolls of amnesia {unknown}
 I - a scroll of vulnerability {unknown}
 P - a scroll of fog {unknown}
 T - a scroll of enchant armour {unknown}
 Z - a scroll of blinking {unknown}
Potions
 d - a potion of might
 g - 2 potions of attraction {unknown}
 h - a potion of flight {unknown}
 k - 2 potions of mutation {unknown}
 q - a potion of invisibility {unknown}
 s - 2 potions of haste {@q3}
 x - a potion of lignification {unknown}
 R - a potion of curing {unknown}
 S - a potion of berserk rage {unknown}
 U - 2 potions of heal wounds {unknown}

Dungeon Overview and Level Annotations

Branches:
Dungeon (9/15)             Temple (1/1) D:5            Lair (0/6) D:8
  Sewer (visited)
    Orc: D:9-12

Altars:
Ashenzari
Cheibriados
Dithmenos
Fedhas
Hepliaklqana
Kikubaaqudgha
Makhleb
Nemelex Xobeh
Okawaru
Qazlal
Sif Muna
Trog
Uskayaw
Wu Jian
Xom
Yredelemnul
Zin
The Shining One

Shops:
D:8

( ....#...#.......#...# ..
#...#>......#...####
#...#.......#.......
#...#.......#.......
#...#.......#.......
#...#########.....##
#####..O..............##
o..............4l...........$..##
................@.............##.
≈≈.≈≈≈≈♣......................#..
..≈..≈≈.......................#..
.≈≈♣≈≈........................##'
≈≈..≈{≈.≈...........######....#.)
.≈.≈#..≈≈##########.#....#....#._
♣≈....≈≈≈..o....o.###....#....###
.≈≈..............{.......#.....#
#.≈≈≈≈...###+#####......##.).###


You could see a two-headed ogre, a chaos spawn and a wyvern.


Message History

The orc wizard gestures at you while chanting.
The puff of flame hits you.
* * * LOW HITPOINT WARNING * * *
Found a shimmering blue altar of Sif Muna. 😨 HP[-3]
You take 3 damage, and now have 41/89 hp.
There is an open door here.
You closely miss the orc wizard. The orc wizard misses you. 😨 HP[+1]
You hit the orc wizard.
The orc wizard hits you but does no damage.
You hit the orc wizard. Your headbutt misses the orc wizard.
You block the orc wizard's attack.
You barely miss the orc wizard. You headbutt the orc wizard.
You kill the orc wizard!
Okawaru accepts your kill. 😨 HP[+1]
Items here: ))))))))) / [ ||. 😨 HP[+1]
e - a +3 mace {mace}
Items here: )) [[[.
You hear the creaking of a distant portcullis.
Things that are here:
a +0 great sword {long}; a +0 robe A two-headed ogre comes into view.
It is wielding a +0 giant club and a +0 dire flail.
The two-headed ogre shouts in stereo! 😮 HP[+1] 😮 HP[+1] 😮 HP[+1] 😮 HP[+1] 😮 HP[+1]
Found an escape hatch in the floor.
You open the door.
A chaos spawn comes into view.
Found a stone staircase leading down.
Found the +7 mace of Variability {chain chaos} and 19 gold pieces.
Found a shimmering altar of Xom.
There is an open door here. 😮 HP[+1]
You close the door.
The chaos spawn hits you. The chaos spawn freezes you!
* * * LOW HITPOINT WARNING * * *
😨 HP[-19]
You take 19 damage, and now have 31/89 hp.
MASSIVE DAMAGE!! (PAUSE)
You hit the chaos spawn. The chaos spawn closely misses you.
You miss the chaos spawn.
The chaos spawn hits you but does no damage.
You hit the chaos spawn. You headbutt the chaos spawn.
The chaos spawn hits you.
* * * LOW HITPOINT WARNING * * *
A two-headed ogre breaks down the door. 😨 HP[-6]
You take 6 damage, and now have 25/89 hp.
You miss the chaos spawn. Your headbutt misses the chaos spawn.
The chaos spawn misses you. You furiously retaliate!
You headbutt the chaos spawn! 😨 HP[+1] Unknown command.
You sock the chaos spawn!
You kill the chaos spawn!
Okawaru accepts your kill.
The chaos spawn degenerates into a cloud of primal chaos!
Your life force feels restored.
You now have 90 max hp (+1).
Found a stone staircase leading down.
The two-headed ogre barely misses you. The two-headed ogre closely misses you.
A wyvern comes into view. 😨 HP[+1]
The wyvern bites you!
* * * LOW HITPOINT WARNING * * *
😱 HP[-10]
You take 10 damage, and now have 17/90 hp.
A chaos spawn comes into view.
The chaos spawn shouts!
The wyvern misses you.
The chaos spawn moves out of view.
The wyvern barely misses you. 😱 HP[+1]
The wyvern bites you.
* * * LOW HITPOINT WARNING * * *
😱 HP[-1]
You take 1 damage, and now have 17/90 hp.
The wyvern bites you!
* * * LOW HITPOINT WARNING * * *
😱 HP[-8]
You take 8 damage, and now have 9/90 hp.
Found a stone staircase leading up. 😱 HP[+1]
The wyvern bites you but does no damage.
You block the wyvern's attack. 😱 HP[+1]
The wyvern closely misses you. The wyvern bites you!
* * * LOW HITPOINT WARNING * * *
There is a stone staircase leading up here. 😱 HP[-7]
You take 7 damage, and now have 4/90 hp.
The wyvern bites you.
* * * LOW HITPOINT WARNING * * *
The chaos spawn gores you!
You die...

Skill      XL: |  1  2  3  4  5  6  7  8  9 10 |
---------------+-------------------------------+-----
Axes           | 1 2 3 4 6 7 |  7.8
Fighting       | 4 5 6 7 8 |  8.6
Armour         | 4 5 6 7 8 |  8.7
Shields        | 4 5 6 7 8 |  8.7
Maces & Flails | 3 4 5 6 7 8 |  8.3
Dodging        | 3 |  3.8
Slings         | 2 4 |  4.4

Action                   |  1- 3 |  4- 6 |  7- 9 | 10-12 || total
-------------------------+-------+-------+-------+-------++-------
Melee: Flail             |    71 |    77 |   254 |       ||   402
       Headbutt          |     6 |    13 |    60 |    19 ||    98
       Mace              |       |       |    84 |    92 ||   176
Invok: Heroism           |       |       |       |     1 ||     1
Armor: Scale mail        |    36 |    33 |    72 |       ||   141
       Swamp dragon scal |       |       |    79 |    27 ||   106
Dodge: Dodged            |    35 |    28 |   163 |    33 ||   259
Block: Buckler           |    15 |    11 |    82 |    16 ||   124

Levels and vault maps discovered:
D:1:      lightli_arrival_boilingwater, layout_loops_ring, serial_glass,
          glass_columns_b, glass_columns_c, feat_on_display, feat_on_display,
          due_unseen_surprise, item_on_display_a
D:2:      layout_basic, basic_altar
D:3:      minmay_diamond_boxcup, layout_basic, mainiacjoe_overflow_alcove_4,
          ebering_ecumenical_altar_petrified, uniq_sigmund
D:4:      layout_rooms, nicolae_ashenzari_skybound, portal_sewer_entry_a,
          serial_curves, eino_curves_01, eino_curves_02, serial_bayou_pond_a
D:5:      layout_rooms, nzn_wu_jian_contemplation, temple_statues
D:6:      layout_basic, hex_intersection, uniq_maggie
D:7:      layout_basic, lemuel_coloured_pillars_altar, kb_rosetta
D:8:      layout_cave_pools, grunt_qazlal_sundering,
          mainiacjoe_overflow_boulevard, serial_shops, shop, uniq_joseph
D:9:      layout_irregular_city, palyth_temple_overflow_mages, serial_rivers,
          chequers_serial_rivers_marsh, chequers_serial_rivers_small_a,
          chequers_serial_rivers_marsh, chequers_serial_rivers_small_a,
          enter_bailey_3, minmay_guarded_unrand_variability
Temple:   compressed_dpeg_triangle_lava_temple

Notes
Turn   | Place    | Note
-------+----------+-------------------------------------------
     0 | D:1      | AmazingTV the Minotaur Fighter began the quest for the Orb.
     0 | D:1      | Reached XP level 1. HP: 19/19 MP: 0/0
     0 | D:1      | magus.rc [v1.9.6]
   329 | D:1      | Reached XP level 2. HP: 24/27 MP: 1/1
   898 | D:2      | Reached skill level 1 in Axes
  1005 | D:2      | Found a basalt altar of Yredelemnul.
  1009 | D:2      | Reached skill level 4 in Fighting
  1009 | D:2      | Reached skill level 4 in Armour
  1009 | D:2      | Reached skill level 4 in Shields
  1009 | D:2      | Reached XP level 3. HP: 25/33 MP: 2/2
  1097 | D:2      | Reached skill level 3 in Maces & Flails
  1343 | D:2      | You pick up a book of Blood and begin reading...
  1343 | D:2      | You add the spells Sublimation of Blood, Wereblood and
                  | Summon Hydra to your library.
  1770 | D:3      | Noticed Sigmund
  1779 | D:3      | HP: 8/33 [Sigmund (8)]
  1780 | D:3      | Killed Sigmund
  1781 | D:3      | Reached skill level 2 in Axes
  1781 | D:3      | Reached XP level 4. HP: 10/41 MP: 3/3
  1781 | D:3      | Reached XP level 5. HP: 12/47 MP: 4/4
  2052 | D:3      | Reached skill level 4 in Maces & Flails
  2207 | D:3      | Found a burning altar of Makhleb.
  2229 | D:3      | Reached XP level 6. HP: 55/55 MP: 5/5
  2368 | D:3      | Found a faded altar of an unknown god.
  2517 | D:3      | Reached skill level 3 in Axes
  3229 | D:4      | Reached skill level 5 in Armour
  3229 | D:4      | Reached skill level 5 in Shields
  3231 | D:4      | Reached skill level 5 in Fighting
  3327 | D:4      | Found a broken altar of Ashenzari.
  3341 | D:4      | HP: 10/56 [ogre (18)]
  3346 | D:4      | HP: 5/56 [howler monkey skeleton (4)]
  3355 | D:4      | Reached XP level 7. HP: 7/61 MP: 6/6
  3390 | D:4      | Found a glowing drain.
  3413 | Sewer    | Entered a sewer
  3640 | Sewer    | Noticed Pargi
  3654 | Sewer    | Killed Pargi
  3851 | D:4      | HP: 14/61 [ogre (6)]
  3872 | D:4      | HP: 3/61 [ogre (13)]
  3874 | D:4      | Reached skill level 4 in Axes
  3874 | D:4      | Reached skill level 5 in Maces & Flails
  4494 | D:5      | Entered Level 5 of the Dungeon
  4553 | D:5      | Found a staircase to the Ecumenical Temple.
  4572 | Temple   | Entered the Ecumenical Temple
  4982 | D:5      | Reached skill level 6 in Fighting
  4982 | D:5      | Reached skill level 6 in Armour
  4982 | D:5      | Reached skill level 6 in Shields
  5139 | D:5      | Reached XP level 8. HP: 70/70 MP: 7/7
  5152 | D:5      | Reached skill level 5 in Axes
  5320 | D:5      | You add the spells Conjure Flame, Ignite Poison and Sticky
                  | Flame to your library.
  5381 | D:5      | Found an ornate altar of the Wu Jian Council.
  5469 | D:5      | Reached skill level 6 in Maces & Flails
  5588 | D:6      | Noticed Maggie
  5605 | D:6      | Killed Maggie
  5800 | D:6      | You pick up a book of Frost and begin reading...
  5800 | D:6      | You add the spells Freeze, Frozen Ramparts and Hailstorm to
                  | your library.
  5842 | D:6      | Reached skill level 7 in Fighting
  5842 | D:6      | Reached skill level 7 in Armour
  5842 | D:6      | Reached skill level 7 in Shields
  6095 | D:6      | Reached skill level 6 in Axes
  6387 | D:6      | Reached XP level 9. HP: 78/79 MP: 8/8
  7115 | D:7      | Reached skill level 7 in Maces & Flails
  7115 | D:7      | Reached skill level 1 in Dodging
  7350 | D:7      | Found an iron altar of Okawaru.
  7437 | D:7      | Became a worshipper of Warmaster Okawaru
  7517 | D:7      | Reached skill level 1 in Slings
  7532 | D:7      | HP: 17/76 [wight (4)]
  7900 | D:7      | Reached skill level 2 in Dodging
  7910 | D:7      | Reached skill level 2 in Slings
  7921 | D:7      | Noticed a manticore
  7921 | D:7      | Noticed an eight-headed hydra
  8134 | D:8      | Reached * piety under Okawaru
  8135 | D:8      | Reached skill level 8 in Armour
  8135 | D:8      | Reached skill level 8 in Shields
  8141 | D:8      | Reached skill level 8 in Fighting
  8141 | D:8      | Reached skill level 7 in Axes
  8281 | D:8      | Found a staircase to the Lair.
  8512 | D:8      | Reached ** piety under Okawaru
  8513 | D:8      | Reached skill level 3 in Dodging
  8773 | D:8      | Identified the +0 scale mail of Marbles {rPois}
  8803 | D:8      | Found a glowing silver altar of Zin.
  8837 | D:8      | Found Ozoatsix's Weapon Shop.
  8850 | D:8      | Reached XP level 10. HP: 84/88 MP: 9/9
  8866 | D:8      | Noticed Joseph
  8866 | D:8      | Found a stormy altar of Qazlal.
  8892 | D:8      | Killed Joseph
  8893 | D:8      | Reached skill level 3 in Slings
  9247 | D:8      | Reached skill level 8 in Maces & Flails
  9270 | D:8      | Reached skill level 4 in Slings
  9668 | D:9      | Reached *** piety under Okawaru
  9696 | D:9      | Found an ancient bone altar of Kikubaaqudgha.
  9711 | D:9      | Found a shimmering blue altar of Sif Muna.
  9726 | D:9      | Noticed a two-headed ogre
  9745 | D:9      | Found a shimmering altar of Xom.
  9745 | D:9      | Found the +7 mace of Variability {chain chaos}
  9757 | D:9      | HP: 17/90 [wyvern (10)]
  9762 | D:9      | HP: 9/90 [wyvern (8)]
  9770 | D:9      | HP: 4/90 [wyvern (7)]
  9771 | D:9      | Mangled by a chaos spawn

Vanquished Creatures
  Joseph (D:8)
  Maggie (D:6)
  A hornet (D:7)
  Sigmund (D:3)
  5 yaks (D:8)
  A steam dragon (D:8)
  A chaos spawn (D:9)
  2 orc warriors (D:8)
  An ice beast (D:5)
  Pargi (Sewer)
  A sky beast (D:6)
  2 black bears
  2 necrophages (D:8)
  5 ogres
  5 centaurs
  2 kobold brigands
  A wyvern zombie (D:8)
  3 scorpions
  A wyvern skeleton (D:7)
  14 wights
  3 howler monkeys
  A bullfrog zombie (D:6)
  A centaur zombie (D:8)
  3 gnoll shamans
  3 jellies
  3 orc priests (D:8)
  A bullfrog skeleton (D:5)
  A centaur skeleton (D:5)
  An iguana (D:5)
  4 orc wizards
  A killer bee zombie (D:5)
  A howler monkey zombie (D:5)
  12 gnolls
  A howler monkey skeleton (D:4)
  6 adders
  A river rat (D:4)
  3 shadow imps
  2 white imps
  2 worms
  4 dart slugs
  11 orcs
  10 bats
  3 endoplasms
  A giant cockroach (D:4)
  9 goblins
  9 hobgoblins
  3 jackals
  14 kobolds
  6 ball pythons
  5 frilled lizards
  5 rats
181 creatures vanquished.

Vanquished Creatures (others)
  9 plants (D:4)
9 creatures vanquished.

Grand Total: 190 creatures vanquished

Table legend:
 A = Non-vault XP
 B = Vault XP
 C = Vault XP percentage of total XP
 D = Non-vault monster count
 E = Vault monster count
 F = Vault count percentage of total count
                 A         B        C        D         E       F
            +---------+---------+-------+---------+---------+-------
      Total |    6322 |    1520 |  19.4 |     153 |      28 |  15.5
            +---------+---------+-------+---------+---------+-------
        D:1 |      14 |       0 |   0.0 |       8 |       0 |   0.0
        D:2 |      64 |       0 |   0.0 |      19 |       0 |   0.0
        D:3 |     119 |     223 |  65.2 |      16 |      10 |  38.5
        D:4 |     455 |      23 |   4.8 |      15 |       6 |  28.6
        D:5 |     893 |       0 |   0.0 |      18 |       0 |   0.0
        D:6 |     840 |     359 |  29.9 |      19 |       1 |   5.0
        D:7 |    1290 |      55 |   4.1 |      23 |       1 |   4.2
        D:8 |    2211 |     493 |  18.2 |      26 |       1 |   3.7
        D:9 |     436 |     230 |  34.5 |       9 |       3 |  25.0
      Sewer |       0 |     137 | 100.0 |       0 |       6 | 100.0
            +---------+---------+-------+---------+---------+-------

Illustrated notes

Table legend:
 A = Kills in this place as a percentage of kills in entire the game.
 B = Kills by you in this place as a percentage of kills by you in the entire game.
 C = Kills by friends in this place as a percentage of kills by friends in the entire game.
 D = Other kills in this place as a percentage of other kills in the entire game.
 E = Experience gained in this place as a percentage of experience gained in the entire game.
 F = Experience gained in this place divided by the number of levels of this place that you have seen.
                   A       B       C       D       E      F
               +-------+-------+-------+-------+-------+----------------------
         Total | 100.0 | 100.0 |   N/A |   N/A | 100.0 | 712.9
       Dungeon |  96.7 |  96.7 |   N/A |   N/A |  98.3 | 856.1
         Sewer |   3.3 |   3.3 |   N/A |   N/A |   1.7 | 137.0
               +-------+-------+-------+-------+-------+----------------------

Table legend: (Time is in decaauts)
 A = Elapsed time spent in this place.
 B = Non-inter-level travel time spent in this place.
 C = Inter-level travel time spent in this place.
 D = Time resting spent in this place.
 E = Time spent auto-exploring this place.
 F = Levels seen in this place.
 G = Mean time per level.
                   A        B        C        D        E       F      G
               +--------+--------+--------+--------+--------+-----+--------+
         Total |   9823 |   9468 |    355 |   2668 |   5047 |  11 |  893.0 |
       Dungeon |   9116 |   8761 |    355 |   2411 |   4698 |   9 | 1012.9 |
        Temple |    346 |    346 |      0 |      0 |    317 |   1 |  346.0 |
         Sewer |    360 |    360 |      0 |    257 |     32 |   1 |  360.0 |
               +--------+--------+--------+--------+--------+-----+--------+

Top non-repeatable levels by time:
     D:3: 1520 daAuts
     D:8: 1384 daAuts
     D:6: 1322 daAuts
     D:7: 1263 daAuts
     D:2: 1090 daAuts
     D:4: 949 daAuts
     D:5: 715 daAuts
     D:1: 619 daAuts
   Sewer: 360 daAuts
  Temple: 346 daAuts
     D:9: 249 daAuts
